 Dungeon Crawl Stone Soup version 0.24-a0-584-g9d6b971ae4 (webtiles) character file.

Game seed: 2038973682054377243, levelgen mode: deterministic

468 MordorOrchid the Slasher (level 7, -1/46 HPs)
             Began as an Octopode Fighter on Sept 4, 2019.
             Was an Initiate of Gozag.
             Killed by nerve-wracking pain
             ... invoked by an orc priest
              (12 damage)
             ... on level 4 of the Dungeon.
             The game lasted 00:08:24 (2459 turns).

MordorOrchid the Slasher (Octopode Fighter)         Turns: 2459, Time: 00:08:24

Health: -1/46      AC:  1    Str: 16    XL:     7   Next: 8%
Magic:  7/7        EV: 13    Int: 12    God:    Gozag
Gold:   177        SH:  9    Dex: 11    Spells: 6/6 levels left

rFire    . . .     SeeInvis .   a - +1 long sword
rCold    + . .     Gourm    .   b - +0 shield
rNeg     . . .     Faith    .   (helmet restricted)
rPois    .         Spirit   .   (no amulet)
rElec    .         Reflect  .   g - ring of protection from cold
rCorr    .         Harm     .   f - +1 ring of evasion
MR       .....                  (no ring)
Stlth    +++.......             (no ring)
HPRegen  0.15/turn              (no ring)
MPRegen  0.10/turn              (no ring)
                                (no ring)
                                (no ring)

@: gold aura
A: almost no armour, stealthy swim, amphibious, 8 rings, constrict 8, camouflage
1, gelatinous body 1
a: Potion Petition, Call Merchant, Bribe Branch, Renounce Religion


You were on level 4 of the Dungeon.
You worshipped Gozag.
Gozag was aware of your devotion.
You were very hungry.

You visited 1 branch of the dungeon, and saw 4 of its levels.

You collected 227 gold pieces.
You paid 50 gold pieces to Gozag.

Inventory:

Hand Weapons
 a - a +1 long sword (weapon)
 j - a +0 hunting sling
Missiles
 e - 69 stones
 l - 15 poisoned darts (quivered)
 n - 2 javelins
Armour
 b - a +0 shield (worn)
Jewellery
 f - a +1 ring of evasion (right tentacle)
 g - a ring of protection from cold (left tentacle)
 h - an uncursed ring of fire
Wands
 o - a wand of paralysis (10)
Scrolls
 c - a scroll of blinking {unknown}
 k - 2 scrolls of teleportation
 m - 2 scrolls of amnesia {unknown}
Potions
 i - 3 potions of curing
 p - a potion of lignification {unknown}
 q - a potion of agility {unknown}
Comestibles
 d - 6 rations


   Skills:
 - Level 3.0 Fighting
 * Level 5.6 Long Blades
 + Level 4.3 Dodging
 * Level 1.5 Stealth
 + Level 4.3 Shields
 * Level 0.7 Evocations


You had 6 spell levels left.
You didn't know any spells.
Your spell library was empty.

Dungeon Overview and Level Annotations

Branches:
Dungeon (4/15)
 Temple: D:4-7

Altars:
Gozag
Kikubaaqudgha
Qazlal

Annotations:
D:2 1 runed translucent door, Crazy Yiuf
D:3 Grinder
D:4 3 runed translucent doors, Sigmund; flogoulo's ghost, amateur GrGl


Innate Abilities, Weirdness & Mutations

You cannot wear most types of armour.
You are very stealthy in the water. (Stealth+)
You are amphibious.
You can wear up to eight rings at the same time.
You can use your tentacles to constrict eight enemies at once.
Your skin changes colour to match your surroundings (Stealth+).
Your rubbery body absorbs attacks. (AC +1, EV +1)


Message History

The orc priest is severely wounded.
The leopard gecko is no longer distracted by gold.
The orc priest misses you. The leopard gecko misses you.
You riposte.
You closely miss the leopard gecko. Your grab misses the leopard gecko.
Your squeeze misses the leopard gecko.
The leopard gecko is lightly wounded.
You barely miss the orc priest. Your grab misses the orc priest.
The orc priest is severely wounded.
The leopard gecko becomes distracted by the nearby gold, dreaming of imaginary riches.
Flogoulo's ghost keens inconsolably.
Unknown command.
The leopard gecko hisses angrily.
You hit the orc. You grab the orc.
The orc is severely wounded.
You constrict the orc.
You kill the orc!
The orc priest calls down the wrath of Beogh upon you.
Pain shoots through your body!
You die...
Your body crumbles into a pile of gold.

o..#### ..##P⌠P #
# .(#.K. #.. .
oo+K### $ ### #.
..+K... . #.#
##$o+W### .
#.##..####(..#KKK.
##
........##$..##KKP
.###...@l$$...####
##..o$#$.#....#
##.#.......####
.........###
.....#...<...#
#.#........##.....
# ..####...# #####
... ##..# #..#


You could see a big kobold, an orc priest, flogoulo's ghost and a leopard gecko.

Vanquished Creatures
  A black bear (D:2)
  An ogre (D:4)
  An orc priest (D:4)
  Jessica (D:3)
  Natasha (thrice) (D:2)
  5 adders
  An adder skeleton (D:2)
  7 worms
  2 dart slugs
  3 leopard geckos
  5 orcs (D:4)
  A ball python (D:2)
  7 bats
  3 bat zombies (D:2)
  4 giant cockroaches
  4 goblins
  9 hobgoblins
  4 jackals (D:2)
  8 kobolds
  A quokka (D:2)
  5 frilled lizards
  A leopard gecko skeleton (D:4)
  7 rats
  A rat zombie (D:2)
85 creatures vanquished.

Vanquished Creatures (others)
  A plant (D:4)
1 creature vanquished.

Grand Total: 86 creatures vanquished

Notes
Turn   | Place    | Note
-------+----------+-------------------------------------------
     0 | D:1      | MordorOrchid the Octopode Fighter began the quest for the
                  | Orb.
     0 | D:1      | Reached XP level 1. HP: 16/16 MP: 1/1
   129 | D:1      | Reached XP level 2. HP: 21/21 MP: 2/2
   560 | D:1      | Reached XP level 3. HP: 24/26 MP: 3/3
   759 | D:2      | Noticed Natasha
   761 | D:2      | Killed Natasha
   807 | D:2      | Reached skill level 3 in Long Blades
   828 | D:2      | Noticed a black bear
   833 | D:2      | Killed a black bear
   833 | D:2      | Reached XP level 4. HP: 27/31 MP: 4/4
   833 | D:2      | Reached XP level 5. HP: 32/36 MP: 5/5
   993 | D:2      | Found a runed translucent door.
   994 | D:2      | Noticed Crazy Yiuf
  1078 | D:2      | Reached skill level 4 in Long Blades
  1253 | D:2      | Found an ancient bone altar of Kikubaaqudgha.
  1278 | D:2      | Noticed Natasha
  1283 | D:2      | Killed Natasha
  1306 | D:2      | Noticed Natasha
  1321 | D:2      | Killed Natasha
  1321 | D:2      | Reached XP level 6. HP: 20/42 MP: 6/6
  1794 | D:3      | Noticed Grinder
  1935 | D:3      | Found an opulent altar of Gozag.
  1938 | D:3      | Became a worshipper of Gozag Ym Sagoz the Greedy
  2016 | D:3      | Found a stormy altar of Qazlal.
  2118 | D:4      | Noticed Sigmund
  2174 | D:3      | Noticed Jessica
  2186 | D:3      | Killed Jessica
  2186 | D:3      | Reached skill level 5 in Long Blades
  2409 | D:4      | Found a runed translucent gate.
  2410 | D:4      | Found a runed translucent gate.
  2410 | D:4      | Noticed flogoulo's ghost (amateur GrGl)
  2411 | D:4      | Found a runed translucent gate.
  2438 | D:4      | Reached skill level 1 in Stealth
  2438 | D:4      | Reached XP level 7. HP: 44/46 MP: 7/7
  2459 | D:4      | Killed from afar by an orc priest

Levels and vault maps discovered:
D:1:      dpeg_arrival_arbitrary_b, layout_basic
D:2:      layout_loops_ring, lemuel_zombie_altar_kikubaaqudgha, first_ration,
          uniq_natasha, uniq_crazy_yiuf_cottage
D:3:      layout_basic, lemuel_doored_altar, old_standard_altar, uniq_grinder,
          uniq_jessica
D:4:      layout_rooms, gammafunk_ghost_nasty_kobolds,
          hangedman_abyss_or_decor_slice, uniq_sigmund

Skill      XL: |  1  2  3  4  5  6 |
---------------+-------------------+-----
Long Blades    | 3 4 5 |  5.6
Dodging        | 4 |  4.3
Shields        | 4 |  4.3
Stealth        | 1 |  1.5
Fighting       | |  3.0
Evocations     | |  0.7

Action                   |  1- 3 |  4- 6 |  7- 9 || total
-------------------------+-------+-------+-------++-------
Melee: Long sword        |    37 |   106 |    12 ||   155
       Constrict         |    16 |    33 |     5 ||    54
       Tentacles         |     8 |    21 |     2 ||    31
 Fire: Hunting sling     |       |     4 |       ||     4
Throw: Dart              |     2 |       |       ||     2
Evoke: Wand              |       |     1 |       ||     1
  Use: Potion            |     1 |     2 |       ||     3
       Scroll            |       |     4 |       ||     4
 Stab: Sleeping          |     3 |     5 |       ||     8
       Paralysed         |       |     3 |       ||     3
  Eat: Chunk             |       |     4 |       ||     4
Armor: Skin              |     5 |     6 |       ||    11
Dodge: Dodged            |    13 |    46 |     2 ||    61
Block: Shield            |    15 |    47 |     7 ||    69
       Rpst.: Long sword |     3 |    18 |     1 ||    22

Table legend:
 A = Non-vault XP
 B = Vault XP
 C = Vault XP percentage of total XP
 D = Non-vault monster count
 E = Vault monster count
 F = Vault count percentage of total count
                 A         B        C        D         E       F
            +---------+---------+-------+---------+---------+-------
      Total |     590 |      79 |  11.8 |      79 |       6 |   7.1
            +---------+---------+-------+---------+---------+-------
        D:1 |      36 |       0 |   0.0 |      20 |       0 |   0.0
        D:2 |     277 |      42 |  13.2 |      28 |       5 |  15.2
        D:3 |      88 |      37 |  29.6 |      21 |       1 |   4.5
        D:4 |     189 |       0 |   0.0 |      10 |       0 |   0.0
            +---------+---------+-------+---------+---------+-------
